 Dungeon Crawl Stone Soup version 0.24-a0-115-gd155597 (console) character file.

Game seed: 10473578297621678001

1865 Duffy the Caller (level 9, 0/72 HPs)
             Began as a Naga Summoner on Feb 17, 2019.
             Slain by a scorpion (6 damage)
             ... on level 7 of the Dungeon.
             The game lasted 00:12:31 (10299 turns).

Duffy the Caller (Naga Summoner)                   Turns: 10299, Time: 00:12:32

Health: 0/72       AC:  6    Str: 11    XL:     9   Next: 13%
Magic:  14/18      EV: 10    Int: 18    God:
Gold:   184        SH:  0    Dex: 14    Spells: 6/20 levels left

rFire    . . .     SeeInvis +   v - +0 dagger (venom)
rCold    . . .     Gourm    .   (no shield)
rNeg     . . .     Faith    .   t - +0 animal skin
rPois    +         Spirit   .   u - +0 helmet
rElec    .         Reflect  .   B - +0 cloak of Rotation {rPois Dex+2}
rCorr    .         Harm     .   (no gloves)
MR       +....                  (no barding)
Stlth    ++........             (no amulet)
HPRegen  0.22/turn              (no ring)
MPRegen  0.16/turn              (no ring)

@: marked, very slightly contaminated, very slow
A: large, see invisible, deformed body, poison resistance, slowness 2, slow
metabolism 1, spit poison 1, AC +3
a: Spit Poison


You were on level 7 of the Dungeon.
You were not hungry.

You visited 1 branch of the dungeon, and saw 7 of its levels.

You collected 459 gold pieces.
You spent 275 gold pieces at shops.

Inventory:

Hand Weapons
 v - a +0 dagger of venom (weapon)
 x - a +1 short sword of venom
 y - the +2 hunting sling of the Shrike {flame, Int+4}
   (You found it on level 7 of the Dungeon)

   It causes projectiles fired from it to burn those they strike, causing extra
   injury to most foes and up to half again as much damage against particularly
   susceptible opponents.
   It affects your intelligence (+4).
Armour
 t - a +0 animal skin (worn)
 u - a +0 helmet (worn)
 B - the +0 cloak of Rotation (worn) {rPois Dex+2}
   (You bought it in a shop on level 6 of the Dungeon)

   It affects your dexterity (+2).
   It protects you from poison.
Wands
 i - a wand of iceblast (10)
 A - a wand of polymorph (2)
Scrolls
 b - 2 scrolls of remove curse
 d - a scroll of fear {unknown}
 f - 3 scrolls of enchant armour {unknown}
 h - a scroll of immolation {unknown}
 j - 3 scrolls of identify {unknown}
 l - a scroll of blinking {unknown}
 m - 4 scrolls of teleportation {unknown}
 s - 3 scrolls of amnesia {unknown}
Potions
 a - a potion of heal wounds {unknown}
 e - a potion of magic {unknown}
 g - 2 potions of mutation {unknown}
 k - a potion of flight {unknown}
 n - 2 potions of degeneration {unknown}
 o - 2 potions of curing {unknown}
 q - 2 potions of lignification {unknown}
 r - 3 potions of brilliance {unknown}
 z - a potion of haste {unknown}
Comestibles
 c - 10 rations
 p - a chunk of flesh


   Skills:
 + Level 1.6 Fighting
 - Level 1.5 Dodging
 - Level 3.0 Stealth
 - Level 6.0 Spellcasting
 - Level 6.0 Summonings
 - Level 5.1 Ice Magic
 - Level 6.0 Air Magic
 + Level 1.6 Evocations


You had 6 spell levels left.
You knew the following spells:

 Your Spells              Type           Power        Failure   Level  Hunger
h - Call Canine Familiar  Summ           ####....     3%          3    ##.....
j - Call Imp              Summ           ####....     1%          2    None
k - Summon Small Mammal   Summ           ####         1%          1    None
l - Summon Lightning Spi  Summ/Air       ####....     10%         4    ####...
y - Summon Ice Beast      Ice/Summ       ####....     12%         4    ####...

Your spell library contained the following spells:

 Spells                   Type           Power        Failure   Level  Hunger
 Summon Guardian Golem    Hex/Summ       ###.....     11%         3    ##.....
 Animate Skeleton         Necr           N/A          12%         1    None
 Pain                     Necr           #...         12%         1    None
 Regeneration             Chrm/Necr      #.........   34%         3    ##.....
 Vampiric Draining        Necr           #.........   34%         3    ##.....
 Animate Dead             Necr           N/A          75%         4    ####...


Dungeon Overview and Level Annotations

Branches:
Dungeon (7/15)
 Temple: D:4-7

Altars:
Cheibriados
Dithmenos
Qazlal
Trog
Vehumet
Xom
The Shining One

Shops:
D:6 }[   D:7 !%:


Innate Abilities, Weirdness & Mutations

You cannot wear boots.
Your serpentine skin is tough. (AC +3)
You have supernaturally acute eyesight. (SInv)
Armour fits poorly on your strangely shaped body.
Your system is resistant to poisons. (rPois)
You cover ground very slowly.
You have a slow metabolism.
You can spit poison.


Message History

The centaur shoots an arrow.
The arrow closely misses you.
Your hound completely misses the centaur.
You see here 2 arrows.
The centaur unwields a +0 shortbow.
The centaur hits you but does no damage.
Your hound barely misses the centaur.
The scorpion stings you!
The centaur hits you but does no damage.
Your hound bites the centaur.
You see here 2 arrows.
You closely miss the centaur.
The centaur is lightly wounded.
The centaur hits you!
The scorpion stings you but does no damage.
Your hound bites the centaur.
The centaur hits you!
Cast which spell? (? or * to list)
You miscast Call Imp.
You are very lightly contaminated with residual magic.
You hear strange voices.
Your hound barely misses the centaur.
The scorpion stings you.
You die...

..#.. ....
..########
#........#
#........#
#.(......#
#........#
#..cs....##
###@h.....#
#(......# #(......#
#.......# #######
#(......#####......
#(.................
##...########......
#......#..........
#...##.###.#......


You could see a centaur, a scorpion and a friendly hound.

Vanquished Creatures
  3 ogres
  A big kobold (D:7)
  2 bullfrogs (D:7)
  A scorpion (D:6)
  A howler monkey (D:3)
  A crimson imp (D:6)
  A jelly (D:6)
  An orc priest (D:3)
  A hound (D:4)
  2 orc wizards
  A centaur skeleton (D:4)
  An iguana (D:7)
  Natasha (D:2)
  3 worker ants
  Robin (D:2)
  A gnoll (D:1)
  12 adders
  A dart slug (D:3)
  4 leopard geckos
  10 orcs
  2 ball pythons (D:3)
  5 bats
  9 giant cockroaches
  9 goblins
  8 hobgoblins
  11 jackals
  6 quokkas
  3 frilled lizards
  5 kobolds
  A leopard gecko skeleton (D:7)
  11 rats
119 creatures vanquished.

Vanquished Creatures (collateral kills)
  A hippogriff (D:7)
  A hungry ghost (D:7)
  An ice beast (D:7)
  7 ogres
  A centaur (D:6)
  4 wights (D:7)
  A crimson imp (D:3)
  An orc priest (D:3)
  A hound (D:7)
  A centaur skeleton (D:5)
  A jelly (D:5)
  A bullfrog skeleton (D:6)
  Ijyb (D:3)
  Natasha (twice) (D:2)
  A worker ant (D:4)
  A hound zombie (D:5)
  A howler monkey zombie (D:7)
  An adder (D:5)
  An adder skeleton (D:6)
  2 worms
  2 dart slugs (D:2)
  2 leopard geckos
  10 orcs
  A ball python (D:2)
  12 goblins
  A hobgoblin (D:2)
  6 jackals
  4 kobolds
  2 bats
  2 frilled lizards
  A quokka skeleton (D:7)
  A rat (D:1)
75 creatures vanquished.

Grand Total: 194 creatures vanquished

Notes
Turn   | Place    | Note
-------+----------+-------------------------------------------
     0 | D:1      | Duffy the Naga Summoner began the quest for the Orb.
     0 | D:1      | Reached XP level 1. HP: 15/15 MP: 3/3
   316 | D:1      | Reached XP level 2. HP: 22/22 MP: 5/5
   329 | D:1      | Learned a level 2 spell: Call Imp
   848 | D:1      | Reached XP level 3. HP: 28/28 MP: 6/6
   853 | D:1      | Learned a level 3 spell: Call Canine Familiar
  1206 | D:2      | Noticed Natasha
  1222 | D:2      | Killed Natasha
  1574 | D:2      | Noticed Natasha
  1581 | D:2      | Killed Natasha
  1581 | D:2      | Reached XP level 4. HP: 35/36 MP: 0/8
  1711 | D:2      | Reached skill level 5 in Summonings
  1810 | D:2      | Noticed Natasha
  1818 | D:2      | Killed Natasha
  2061 | D:2      | Reached XP level 5. HP: 32/42 MP: 4/10
  2414 | D:2      | Noticed Robin
  2441 | D:2      | Killed Robin
  3065 | D:2      | Learned a level 4 spell: Summon Lightning Spire
  3074 | D:3      | Noticed Ijyb
  3074 | D:3      | Noticed an ogre
  3082 | D:2      | Killed an ogre
  3376 | D:3      | Killed Ijyb
  3376 | D:3      | Reached skill level 1 in Air Magic
  3376 | D:3      | Reached XP level 6. HP: 46/49 MP: 7/12
  3512 | D:3      | Found a shimmering altar of Xom.
  3795 | D:3      | Found a shimmering altar of Xom.
  3796 | D:3      | Found a shimmering altar of Xom.
  3894 | D:3      | Found a shadowy altar of Dithmenos.
  3967 | D:3      | Found a snail-covered altar of Cheibriados.
  4039 | D:3      | Found a shimmering altar of Xom.
  4197 | D:3      | Reached XP level 7. HP: 8/55 MP: 1/13
  5564 | D:4      | Reached skill level 5 in Spellcasting
  5636 | D:4      | Learned a level 4 spell: Summon Ice Beast
  5654 | D:4      | Found a glowing golden altar of the Shining One.
  5770 | D:4      | Found a radiant altar of Vehumet.
  6281 | D:5      | Entered Level 5 of the Dungeon
  6693 | D:5      | Reached XP level 8. HP: 61/62 MP: 4/16
  7062 | D:5      | Reached skill level 1 in Ice Magic
  7430 | D:5      | Found a bloodstained altar of Trog.
  7828 | D:6      | Found Cutt's Gadget Boutique.
  8124 | D:6      | Reached skill level 5 in Air Magic
  8440 | D:6      | Found Jyasiuj's Antique Armour Emporium.
  9065 | D:7      | Found Hysy's Distillery.
  9314 | D:7      | Noticed a hippogriff
  9323 | D:7      | Killed a hippogriff
  9539 | D:7      | Found Mauveb's Food Shoppe.
  9540 | D:7      | Got an ivory hunting sling
  9695 | D:6      | Bought a polished cloak for 275 gold pieces
  9705 | D:6      | Identified the +0 cloak of Rotation {rPois Dex+2} (You
                  | bought it in a shop on level 6 of the Dungeon)
  9718 | D:6      | Identified the +2 hunting sling of the Shrike {flame,
                  | Int+4} (You found it on level 7 of the Dungeon)
  9769 | D:7      | Reached XP level 9. HP: 66/68 MP: 15/18
  9777 | D:7      | Reached skill level 5 in Ice Magic
  9862 | D:7      | Reached skill level 1 in Fighting
  9862 | D:7      | Reached skill level 1 in Evocations
  9917 | D:7      | Found a stormy altar of Qazlal.
 10029 | D:7      | Found a stormy altar of Qazlal.
 10045 | D:7      | Found Cihasets's Book Emporium.
 10299 | D:7      | Slain by a scorpion

Levels and vault maps discovered:
D:1:      minmay_arrival_hallway, layout_basic
D:2:      layout_basic, uniq_natasha, uniq_robin
D:3:      layout_loops_ring, nicolae_overflow_crystal_walls, xom_redecorated,
          kennysheep_slug_shrine, grunt_ministairs_13, minmay_ogre_servants,
          uniq_ijyb
D:4:      layout_cave_pools, vehumet_crystals, tso_metal_star
D:5:      layout_basic, lemuel_coloured_pillars_altar, first_ration
D:6:      layout_cave_pods, serial_shops, shop, shop
D:7:      layout_basic, kennysheep_mini_moat, minmay_temple_entry_poolview,
          serial_shops, shop_statue, shop, shop_coins, nicolae_shop_statue_plus,
          nicolae_qazlal_general_emergency

Skill      XL: |  1  2  3  4  5  6  7  8  9 |
---------------+----------------------------+-----
Spellcasting   | 3 4 5 6 |  6.0
Summonings     | 5 6 |  6.0
Air Magic      | 1 2 4 6 |  6.0
Ice Magic      | 4 5 |  5.1
Fighting       | 1 |  1.6
Evocations     | 1 |  1.6
Dodging        | |  1.5
Stealth        | |  3.0

Action                   |  1- 3 |  4- 6 |  7- 9 || total
-------------------------+-------+-------+-------++-------
Melee: Whip              |    46 |     1 |       ||    47
       Dagger            |       |   153 |   278 ||   431
 Cast: Summon Small Mamm |     9 |       |       ||     9
       Call Imp          |     4 |    16 |    29 ||    49
       Call Canine Famil |     3 |    11 |    36 ||    50
       Summon Lightning  |       |       |     7 ||     7
 Abil: Spit Poison       |    17 |    12 |     3 ||    32
  Use: Scroll            |       |       |     1 ||     1
 Stab: Sleeping          |     2 |     1 |     5 ||     8
       Distracted        |       |     3 |     2 ||     5
  Eat: Chunk             |     1 |    10 |    15 ||    26
       Ration            |       |       |     3 ||     3
Armor: Robe              |    12 |    13 |       ||    25
       Animal skin       |       |    39 |   105 ||   144
Dodge: Dodged            |    32 |    95 |   182 ||   309

Table legend:
 A = Non-vault XP
 B = Vault XP
 C = Vault XP percentage of total XP
 D = Non-vault monster count
 E = Vault monster count
 F = Vault count percentage of total count
                 A         B        C        D         E       F
            +---------+---------+-------+---------+---------+-------
      Total |    2480 |     185 |   6.9 |     169 |      25 |  12.9
            +---------+---------+-------+---------+---------+-------
        D:1 |      41 |       0 |   0.0 |      20 |       0 |   0.0
        D:2 |     230 |      44 |  16.1 |      30 |      12 |  28.6
        D:3 |     292 |     141 |  32.6 |      35 |      13 |  27.1
        D:4 |     212 |       0 |   0.0 |      21 |       0 |   0.0
        D:5 |     503 |       0 |   0.0 |      24 |       0 |   0.0
        D:6 |     365 |       0 |   0.0 |      12 |       0 |   0.0
        D:7 |     837 |       0 |   0.0 |      27 |       0 |   0.0
            +---------+---------+-------+---------+---------+-------
